 Dungeon Crawl Stone Soup version 0.26-a0-639-g72c4674329 (webtiles) character file.

Game seed: 17119429496765605903

90 Flugslaktarn the Shield-Bearer (level 4, 0/37 HPs)
             Began as a Formicid Fighter on Sept 21, 2020.
             Slain by a gnoll
             ... wielding a +0 spear
              (6 damage)
             ... on level 3 of the Dungeon.
             The game lasted 00:00:26 (882 turns).

Flugslaktarn the Shield-Bearer (Formicid Fighter)    Turns: 882, Time: 00:00:27

Health: 0/37       AC:  6    Str: 21    XL:     4   Next: 85%
Magic:  4/4        EV:  7    Int:  8    God:
Gold:   135        SH:  9    Dex: 10    Spells: 3/3 levels left

rFire    . . .     SeeInvis +   a - +0 war axe
rCold    . . .     Faith    .   c - +0 kite shield
rNeg     . . .     Spirit   .   b - +0 scale mail
rPois    .         Reflect  .   (helmet unavailable)
rElec    .         Harm     .   (no cloak)
rCorr    .         Rampage  .   (no gloves)
MR       .....                  (no boots)
Stlth    ..........             (no amulet)
HPRegen  0.12/turn              (no ring)
MPRegen  0.09/turn              (no ring)

@: mighty, lethally poisoned (0 -> -3), lightly drained
A: permanent stasis, dig shafts and tunnels, four strong arms, antennae 3
a: Dig, Shaft Self


You were on level 3 of the Dungeon.
You visited 1 branch of the dungeon, and saw 3 of its levels.

You collected 135 gold pieces.

Inventory:

Hand Weapons
 a - a +0 war axe (weapon)
Armour
 b - a +0 scale mail (worn)
 c - a +0 kite shield (worn)
Scrolls
 e - a scroll of fog {unknown}
 f - a scroll of identify {unknown}
 g - a scroll of amnesia {unknown}
 h - a scroll of random uselessness {unknown}


   Skills:
 * Level 4.2(3.7) Fighting
 * Level 3.1(2.6) Axes
 + Level 3.7(3.2) Armour
 + Level 4.2(3.7) Shields


You had 3 spell levels left.
You didn't know any spells.
Your spell library was empty.

Dungeon Overview and Level Annotations

Branches:
Dungeon (3/15)

Altars:


Innate Abilities, Weirdness & Mutations

You cannot be hasted, slowed, berserked, paralysed or teleported.
You can dig through walls and to a lower floor.
Your four strong arms can wield two-handed weapons with a shield.
You have a pair of large antennae on your head. (SInv)


Message History

You barely miss the kobold. You barely miss the leopard gecko.
You block the leopard gecko's attack. The gnoll closely misses you.
The kobold closely misses you.
The leopard gecko bites you but does no damage.
You barely miss the gnoll.
The gnoll is heavily wounded.
You barely miss the leopard gecko. You hit the kobold.
You feel sick. The gnoll hits you with a +0 flail!
The leopard gecko hisses menacingly.
The leopard gecko barely misses you.
The gnoll hits you from afar with a +0 spear.
The kobold hits you but does no damage. You block the leopard gecko's attack.
You block the gnoll's attack. You block the kobold's attack.
The gnoll hits you with a +0 flail!
* * * LOW HITPOINT WARNING * * *
You are too injured to fight recklessly!
You feel very mighty all of a sudden.
The leopard gecko bites you but does no damage.
The gnoll hits you from afar with a +0 spear.
You die...

###########
#...gg@..[#
......gK†l..#
###[...g....#
...$........#
..............
...............
.####..###......
#.. ...)..


You could see 3 gnolls, a leopard gecko, a goblin and a kobold.

Vanquished Creatures
  Robin (D:2)
  4 adders
  A gnoll (D:3)
  A worm (D:2)
  A leopard gecko (D:2)
  A bat (D:3)
  2 giant cockroaches (D:2)
  2 hobgoblins (D:2)
  4 jackals (D:2)
  A frilled lizard (D:2)
  9 goblins (D:2)
  2 kobolds (D:2)
  A rat (D:2)
30 creatures vanquished.

Notes
Turn   | Place    | Note
-------+----------+-------------------------------------------
     0 | D:1      | Flugslaktarn the Formicid Fighter began the quest for the
                  | Orb.
     0 | D:1      | Reached XP level 1. HP: 18/18 MP: 1/1
    23 | D:2      | Reached XP level 2. HP: 7/24 MP: 2/2
    45 | D:2      | HP: 1/24 [poisoned by an adder]
    82 | D:2      | Reached XP level 3. HP: 5/30 MP: 3/3
   600 | D:2      | Reached XP level 4. HP: 37/37 MP: 4/4
   604 | D:2      | Noticed Robin
   616 | D:2      | Killed Robin
   882 | D:3      | Slain by a gnoll

Illustrated notes

Levels and vault maps discovered:
D:1:      dpeg_arrival_pits, layout_basic, serial_bayou_ford_a
D:2:      layout_basic, kennysheep_generic_room_11, uniq_robin
D:3:      layout_rooms, grunt_gozag_statues, uniq_grinder

Skill      XL: |  1  2  3  4 |
---------------+-------------+-----
Shields        | 4 |  4.2
Fighting       | 4 |  4.2
Axes           | 3 |  3.1
Armour         | |  3.7

Action                   |  1- 3 |  4- 6 || total
-------------------------+-------+-------++-------
Melee: War axe           |    62 |    22 ||    84
  Use: Potion            |       |     1 ||     1
Armor: Scale mail        |    18 |    15 ||    33
Dodge: Dodged            |    34 |    14 ||    48
Block: Kite shield       |    42 |    28 ||    70

Table legend: (Time is in decaauts)
 A = Elapsed time spent in this place.
 B = Non-inter-level travel time spent in this place.
 C = Inter-level travel time spent in this place.
 D = Time resting spent in this place.
 E = Time spent auto-exploring this place.
 F = Levels seen in this place.
 G = Mean time per level.
                   A        B        C        D        E       F      G
               +--------+--------+--------+--------+--------+-----+--------+
         Total |    916 |    898 |     18 |    252 |    456 |   3 |  305.3 |
       Dungeon |    916 |    898 |     18 |    252 |    456 |   3 |  305.3 |
               +--------+--------+--------+--------+--------+-----+--------+

Top non-repeatable levels by time:
     D:2: 902 daAuts
     D:3: 11 daAuts
     D:1: 2 daAuts
